 Dungeon Sprint DCSS version 0.26-a0-663-g36e8fdb655 (webtiles) character file.

Game seed: 1423881225094550392

751 Conn the Thaumaturge (level 7, -5/69 HPs)
             Began as an Octopode Hedge Wizard on Oct 11, 2020.
             Was a High Priest of Sif Muna.
             Slain by a shadow wraith (9 damage)
             ... in the Dungeon (Sprint VII: "The Pits").
             The game lasted 00:08:31 (960 turns).

Conn the Thaumaturge (Octopode Hedge Wizard)         Turns: 960, Time: 00:08:32

Health: -5/69      AC:  1    Str:  9    XL:     7   Next: 78%
Magic:  14/21      EV: 15    Int: 19    God:    Sif Muna [*****.]
Gold:   0          SH:  0    Dex: 11    Spells: 17/28 levels left

rFire    . . .     SeeInvis .   o - +3 dagger (freeze)
rCold    . . .     Faith    .   (no shield)
rNeg     . . .     Spirit   .   b - +0 hat
rPois    .         Reflect  .   (no amulet)
rElec    .         Harm     .   (no ring)
rCorr    .         Rampage  .   (no ring)
MR       .....     NoTele   +   (no ring)
Stlth    ..........             (no ring)
HPRegen  0.21/turn              (no ring)
MPRegen  0.17/turn              (no ring)
                                (no ring)
                                (no ring)

@: berserking (expiring), hasted and slowed
A: almost no armour, stealthy swim, amphibious, 8 rings, constrict 8, camouflage
1, gelatinous body 1
a: Channel Magic, Forget Spell, Divine Exegesis, Renounce Religion


You were in the Dungeon.
You worshipped Sif Muna.
Sif Muna was extremely pleased with you.
You visited 1 branch

Inventory:

Hand Weapons
 a - a +0 dagger
 c - a +2 dagger
 e - a +0 dagger of electrocution
 n - a +3 vorpal spear
 o - a +3 dagger of freezing (weapon)
Armour
 b - a +0 hat (worn)
Scrolls
 k - 3 scrolls of remove curse
 l - 5 scrolls of amnesia
Potions
 d - 6 potions of curing
 g - 3 potions of magic
 h - 2 potions of berserk rage
 j - a potion of invisibility
 m - 4 potions of heal wounds


   Skills:
 + Level 3.4 Fighting
 + Level 4.0 Short Blades
 + Level 5.2 Dodging
 + Level 7.6 Stealth
 * Level 11.1 Spellcasting
 * Level 6.1 Conjurations
 + Level 2.9 Summonings
 + Level 1.0 Translocations
 + Level 1.3 Fire Magic
 + Level 1.1 Air Magic
 + Level 2.0 Poison Magic


You had 17 spell levels left.
You knew the following spells:

 Your Spells              Type           Power        Failure   Level
a - Magic Dart            Conj           ####         1%          1
b - Blink                 Tloc           N/A          7%          2
c - Call Imp              Summ           ###.....     3%          2
d - Conjure Flame         Conj/Fire      ###.....     4%          3
e - Mephitic Cloud        Conj/Pois/Air  ###.....     5%          3

Your spell library contained the following spells:

 Spells                   Type           Power        Failure   Level
 Sting                    Tmut/Pois      ##..         4%          1
 Beastly Appendage        Tmut           ##....       7%          1
 Passwall                 Tmut/Erth      ##......     10%         2
 Slow                     Hex            ##......     10%         2
 Irradiate                Conj/Tmut      ###.......   47%         5
 Necromutation            Tmut/Necr      ##........   100%        8


Dungeon Overview and Level Annotations

Branches:
Dungeon (1/1)

Altars:
Ashenzari
Cheibriados
Dithmenos
Elyvilon
Fedhas
Gozag
Hepliaklqana
Kikubaaqudgha
Makhleb
Nemelex Xobeh
Okawaru
Qazlal
Ru
Sif Muna
Trog
Uskayaw
Vehumet
Wu Jian
Xom
Yredelemnul
Zin
The Shining One
Beogh
Jiyva
Lugonu


Innate Abilities, Weirdness & Mutations

You cannot wear most types of armour.
You are very stealthy in the water. (Stealth+)
You are amphibious.
You can wear up to eight rings at the same time.
You can use your tentacles to constrict eight enemies at once.
Your skin changes colour to match your surroundings (Stealth+).
Your rubbery body absorbs attacks. (AC +1, EV +1)


Message History

Confirm with . or Enter, or press ? or * to list all spells.
The fire begins to smolder!
You smother the flame.
There is an open door here.
Which direction?
You close the door.
You start resting.
Something unseen opens the door.
Which direction?
You close the door.
Your extra speed is starting to run out.
You feel much better.
Something unseen opens the door.
A red film seems to cover your vision as you go berserk!
You feel yourself moving faster!
You feel mighty!
You feel a strong urge to attack something.
Something hits you! Something drains your vigour!
You feel yourself slow down.
There is an open door here.
You hit something. You freeze something. Something hits you!
* * * LOW HITPOINT WARNING * * *
You hit something but do no damage. Something hits you!
You die...

############
#_________.#
#_________.#
#_______...###########++
##########'##...........
#.?(.')))'.##.)....#..#.
##########.##...........
#[......)...'...........
#'#####@#####......#..#.
#.#..#..#..##...........
#.#..'..'..#####'#####++
#.##)####'###.......#
#)#..x.....##.......#
#÷#........##.......#
#.#####'#####...<...#
#.#...)).[.##.......#
#÷#...)))[.##.......#


There were no monsters in sight!

Vanquished Creatures
  A water moccasin (D)
  A sky beast (D)
  A big kobold (D)
  A gnoll sergeant (D)
  4 wights (D)
  A jelly (D)
  4 gnolls (D)
  2 ufetubi (D)
  An ooze (D)
  An adder zombie (D)
  An orc (D)
  A giant cockroach (D)
  A hobgoblin (D)
  A ball python (D)
  A bat (D)
  A rat (D)
23 creatures vanquished.

Vanquished Creatures (collateral kills)
  A deep elf mage (D)
1 creature vanquished.

Grand Total: 24 creatures vanquished

Notes
Turn   | Place    | Note
-------+----------+-------------------------------------------
     0 | D        | Conn the Octopode Hedge Wizard began the quest for the Orb.
     0 | D        | Reached XP level 1. HP: 11/11 MP: 4/4
    13 | D        | Reached skill level 4 in Spellcasting
    39 | D        | Found a glowing golden altar of the Shining One.
    39 | D        | Found a glowing silver altar of Zin.
    39 | D        | Found a basalt altar of Yredelemnul.
    39 | D        | Found a shimmering altar of Xom.
    39 | D        | Found an ornate altar of the Wu Jian Council.
    39 | D        | Found a bloodstained altar of Trog.
    39 | D        | Found a shimmering blue altar of Sif Muna.
    39 | D        | Found a sacrificial altar of Ru.
    39 | D        | Found a stormy altar of Qazlal.
    39 | D        | Found an iron altar of Okawaru.
    39 | D        | Found a sparkling altar of Nemelex Xobeh.
    39 | D        | Found a burning altar of Makhleb.
    39 | D        | Found a viscous altar of Jiyva.
    39 | D        | Found a hazy altar of Hepliaklqana.
    39 | D        | Found an opulent altar of Gozag.
    39 | D        | Found a blossoming altar of Fedhas.
    39 | D        | Found a white marble altar of Elyvilon.
    39 | D        | Found a shadowy altar of Dithmenos.
    39 | D        | Found a snail-covered altar of Cheibriados.
    40 | D        | Found a radiant altar of Vehumet.
    40 | D        | Found a corrupted altar of Lugonu.
    40 | D        | Found a roughly hewn altar of Beogh.
    41 | D        | Found an ancient bone altar of Kikubaaqudgha.
    41 | D        | Found a hide-covered altar of Uskayaw.
    41 | D        | Found a broken altar of Ashenzari.
    48 | D        | Became a worshipper of Sif Muna the Loreminder
   143 | D        | Reached XP level 2. HP: 15/17 MP: 7/7
   147 | D        | Learned a level 2 spell: Blink
   150 | D        | Learned a level 2 spell: Call Imp
   180 | D        | Reached * piety under Sif Muna
   180 | D        | Reached skill level 5 in Spellcasting
   487 | D        | Noticed a deep elf mage
   498 | D        | Reached ** piety under Sif Muna
   498 | D        | Reached XP level 3. HP: 8/21 MP: 4/9
   523 | D        | Killed a deep elf mage
   523 | D        | Reached skill level 9 in Spellcasting
   523 | D        | Reached XP level 4. HP: 30/30 MP: 3/15
   523 | D        | Reached XP level 5. HP: 35/35 MP: 3/16
   523 | D        | Reached XP level 6. HP: 41/41 MP: 3/18
   630 | D        | Learned a level 3 spell: Conjure Flame
   634 | D        | Learned a level 3 spell: Mephitic Cloud
   636 | D        | Noticed a water moccasin
   637 | D        | Reached *** piety under Sif Muna
   638 | D        | Noticed a sky beast
   642 | D        | Reached skill level 1 in Poison Magic
   654 | D        | Reached **** piety under Sif Muna
   654 | D        | Reached skill level 5 in Conjurations
   668 | D        | Killed a water moccasin
   668 | D        | Reached skill level 10 in Spellcasting
   677 | D        | Killed a sky beast
   677 | D        | Reached XP level 7. HP: 46/46 MP: 14/20
   680 | D        | Reached skill level 5 in Dodging
   709 | D        | Reached skill level 1 in Fire Magic
   770 | D        | Reached ***** piety under Sif Muna
   770 | D        | Identified Sif Muna's Almanac of Transmigration (Sif Muna
                  | gifted it to you in the Dungeon)
   770 | D        | Received a gift from Sif Muna
   786 | D        | Reached skill level 1 in Air Magic
   894 | D        | Reached skill level 11 in Spellcasting
   909 | D        | HP: 1/46 [something (23)]
   960 | D        | Slain by a shadow wraith

Illustrated notes

Levels and vault maps discovered:
D:        pitsprint [storerooms_1, entrance_room_1, metal_vault_5, armoury_1,
          mini_pit_1, grid_room_1, main_hall_1, silver_pit, the_coven_1,
          the_vestibule_1, steel_vault_5, golden_pit, hallway_of_sentries,
          crystal_vault_3, iron_vault_4, final_vault]

Skill      XL: |  1  2  3  4  5  6  7 |
---------------+----------------------+-----
Stealth        | 3 6 7 |  7.6
Spellcasting   | 4 5 9 10 11 | 11.1
Conjurations   | 2 4 5 6 |  6.1
Fighting       | 2 3 |  3.4
Short Blades   | 2 3 4 |  4.0
Dodging        | 4 5 |  5.2
Poison Magic   | 1 2 |  2.0
Summonings     | 2 |  2.9
Fire Magic     | 1 |  1.3
Air Magic      | 1 |  1.1
Translocations | |  1.0

Action                   |  1- 3 |  4- 6 |  7- 9 || total
-------------------------+-------+-------+-------++-------
Melee: Dagger            |    22 |     2 |     8 ||    32
       Tentacles         |     5 |       |       ||     5
       Constrict         |     5 |       |     1 ||     6
 Cast: Magic Dart        |    13 |    11 |    19 ||    43
       Call Imp          |     2 |     3 |     1 ||     6
       Conjure Flame     |       |     2 |     6 ||     8
       Mephitic Cloud    |       |     2 |     1 ||     3
       Blink             |       |       |     1 ||     1
  Use: Potion            |     2 |     1 |     3 ||     6
       Scroll            |     1 |       |     1 ||     2
 Stab: Sleeping          |     1 |       |     2 ||     3
       Invisible         |     1 |       |       ||     1
       Confused          |       |       |     1 ||     1
Armor: Skin              |     7 |       |       ||     7
Dodge: Dodged            |    24 |       |     3 ||    27

Table legend: (Time is in decaauts)
 A = Elapsed time spent in this place.
 B = Non-inter-level travel time spent in this place.
 C = Inter-level travel time spent in this place.
 D = Time resting spent in this place.
 E = Time spent auto-exploring this place.
 F = Levels seen in this place.
 G = Mean time per level.
                   A        B        C        D        E       F      G
               +--------+--------+--------+--------+--------+-----+--------+
         Total |    941 |    941 |      0 |    536 |      0 |   1 |  941.0 |
       Dungeon |    941 |    941 |      0 |    536 |      0 |   1 |  941.0 |
               +--------+--------+--------+--------+--------+-----+--------+

Top non-repeatable levels by time:
       D: 941 daAuts
